 Dungeon Crawl Stone Soup version 0.27-a0-1301-g128193abf8 (webtiles) character file.

Game seed: 13714229385898090961

178 mordus the Poker (level 5, -8/45 HPs)
             Began as a Minotaur Fighter on June 17, 2021.
             Mangled by an iguana (9 damage)
             ... on level 3 of the Dungeon.
             The game lasted 00:02:58 (1696 turns).

mordus the Poker (Minotaur Fighter)                 Turns: 1696, Time: 00:02:59

Health: -8/45      AC:  7    Str: 21    XL:     5   Next: 32%
Magic:  4/4        EV:  7    Int:  5    God:
Gold:   95         SH:  9    Dex: 10    Spells: 4/4 levels left

rFire    . . .     SeeInvis .   a - +0 trident
rCold    . . .     Faith    .   c - +0 kite shield
rNeg     . . .     Spirit   .   b - +0 scale mail
rPois    .         Reflect  .   (helmet restricted)
rElec    .         Harm     .   (no cloak)
rCorr    .         Rampage  .   (no gloves)
Will     .....                  (no boots)
Stlth    ..........             (no amulet)
HPRegen  0.15/turn              (no ring)
MPRegen  0.09/turn              (no ring)

@: no status effects
A: horns 2, retaliatory headbutt
a: no special abilities


You were on level 3 of the Dungeon.
You visited 1 branch of the dungeon, and saw 3 of its levels.

You collected 95 gold pieces.

Inventory:

Hand Weapons
 a - a +0 trident (weapon)
Missiles
 f - 3 curare-tipped darts (quivered)
Armour
 b - a +0 scale mail (worn)
 c - a +0 kite shield (worn)
 l - a scarf of invisibility
Jewellery
 i - a +6 ring of dexterity
Scrolls
 e - a scroll of amnesia {unknown}
 g - 4 scrolls of identify {unknown}
 k - a scroll of immolation {unknown}
 m - a scroll of vulnerability {unknown}
Potions
 d - 3 potions of might
 h - a potion of attraction {unknown}
 j - a potion of curing {unknown}


   Skills:
 - Level 3.6 Fighting
 * Level 5.1 Polearms
 + Level 4.8 Armour
 + Level 4.7 Shields


You had 4 spell levels left.
You didn't know any spells.
Your spell library was empty.

Dungeon Overview and Level Annotations

Branches:
Dungeon (3/15)

Altars:

Shops:
D:1 *


Innate Abilities, Weirdness & Mutations

You have a pair of horns on your head.
You reflexively headbutt those who attack you in melee.


Message History

A frilled lizard is nearby!
The frilled lizard barely misses you. You furiously retaliate!
You headbutt the frilled lizard.
You kill the frilled lizard!
Found a stone staircase leading down.
You open the door.
There is an open door here.
A bat comes into view.
The bat hits you but does no damage.
You hit the bat.
You kill the bat!
An endoplasm comes into view.
The endoplasm quivers.
An iguana comes into view.
The iguana hisses angrily.
You puncture the endoplasm!
You kill the endoplasm!
You block the iguana's attack. The iguana bites you! The iguana bites you.
You block the iguana's attack.
You hit the iguana.
The iguana is lightly wounded.
The iguana bites you but does no damage.
You barely miss the iguana. Your headbutt misses the iguana.
The iguana is lightly wounded.
The iguana bites you!
You puncture the iguana!
You headbutt the iguana, but do no damage.
The iguana is heavily wounded.
The iguana bites you!
* * * LOW HITPOINT WARNING * * *
You barely miss the iguana. Your headbutt misses the iguana.
The iguana is heavily wounded.
The iguana bites you!
* * * LOW HITPOINT WARNING * * *
The iguana bites you but does no damage.
You hit the iguana.
The iguana is heavily wounded.
The iguana bites you!
You die...

....(..# #.##.#........#
#+#
.......###.##.#........#
####.....#.##.#........#
....#.#.##.#........#
##.#.#...##.##†...#
#.>.............#
#.#############.# #..l.#
#..@.# #....# #.......
#.####### ... ... ...
..^


You could see an iguana.

Vanquished Creatures
  A necrophage (D:3)
  3 adders
  2 dart slugs
  5 ball pythons (D:1)
  An endoplasm (D:3)
  4 giant cockroaches
  9 goblins
  7 hobgoblins
  10 jackals
  6 bats
  4 frilled lizards
  4 kobolds (D:1)
  3 rats
59 creatures vanquished.

Notes
Turn   | Place    | Note
-------+----------+-------------------------------------------
     0 | D:1      | mordus the Minotaur Fighter began the quest for the Orb.
     0 | D:1      | Reached XP level 1. HP: 19/19 MP: 0/0
   177 | D:1      | Reached skill level 3 in Polearms
   177 | D:1      | Reached XP level 2. HP: 26/26 MP: 1/1
   302 | D:1      | Reached XP level 3. HP: 27/31 MP: 2/2
   348 | D:1      | Found Ecetumi's General Store.
   862 | D:2      | Found a faded altar of an unknown god.
  1054 | D:2      | Reached skill level 4 in Polearms
  1157 | D:2      | Reached XP level 4. HP: 38/39 MP: 3/3
  1614 | D:3      | Noticed a necrophage
  1626 | D:3      | Killed a necrophage
  1627 | D:3      | Reached skill level 5 in Polearms
  1627 | D:3      | Reached XP level 5. HP: 44/45 MP: 4/4
  1695 | D:3      | HP: 1/45 [iguana (10)]
  1696 | D:3      | Mangled by an iguana

Illustrated notes

Levels and vault maps discovered:
D:1:      scummos_arrival_forest, layout_basic, serial_shops, shop
D:2:      layout_rooms, hellmonk_ecumenical_altar_zigzags,
          grunt_decor_mini_mirrors
D:3:      layout_basic, kennysheep_generic_room_6

Skill      XL: |  1  2  3  4 |
---------------+-------------+-----
Polearms       | 3 4 5 |  5.1
Armour         | 4 |  4.8
Shields        | 4 |  4.7
Fighting       | |  3.6

Action                   |  1- 3 |  4- 6 || total
-------------------------+-------+-------++-------
Melee: Trident           |   111 |    35 ||   146
       Headbutt          |    15 |     6 ||    21
Armor: Scale mail        |    44 |    11 ||    55
Dodge: Dodged            |    20 |     7 ||    27
Block: Kite shield       |    43 |    12 ||    55

Table legend: (Time is in decaauts)
 A = Elapsed time spent in this place.
 B = Non-inter-level travel time spent in this place.
 C = Inter-level travel time spent in this place.
 D = Time resting spent in this place.
 E = Time spent auto-exploring this place.
 F = Levels seen in this place.
 G = Mean time per level.
                   A        B        C        D        E       F      G
               +--------+--------+--------+--------+--------+-----+--------+
         Total |   1744 |   1680 |     64 |      0 |   1336 |   3 |  581.3 |
       Dungeon |   1744 |   1680 |     64 |      0 |   1336 |   3 |  581.3 |
               +--------+--------+--------+--------+--------+-----+--------+

Top non-repeatable levels by time:
     D:1: 810 daAuts
     D:2: 766 daAuts
     D:3: 167 daAuts
